[Event "Titled Tuesday Blitz February 28 Early 2023"]
[White "Rottenwohrer Suarez, Juan"]
[Black "Ingebretsen, Jens E"]
[WhiteFideId "32068182"]
[BlackFideId "1522965"]
[WhiteElo "2174"]
[BlackElo "2213"]
[Result "0-1"]
[Round "10"]
[TimeControl "180+2"]
[Date "2023.02.28"]
[WhiteClock "0:00:08"]
[BlackClock "0:00:18"]

1. c4 e6 2. g3 d5 3. Bg2 Nf6 4. b3 Be7 5. Bb2 O-O 6. Nf3 c5 7. cxd5 Nxd5 8. O-O Nc6 9. Nc3 b6 10. Nxd5 exd5 11. d4 Ba6 12. Rc1 Rc8 13. Re1 Re8 14. Ba3 c4 15. Bxe7 Qxe7 16. e3 Nb4 17. Ne5 Nd3 18. Nxd3 cxd3 19. Bxd5 Qb4 20. Rxc8 Rxc8 21. Bc4 Bxc4 22. bxc4 Rxc4 23. Kg2 Qc3 24. Qb3 Qxb3 25. axb3 Rb4 26. Rc1 Kf8 27. Rc3 d2 28. Rd3 Rxb3 29. Rxd2 a5 30. Kf3 a4 31. Ke4 a3 32. Ra2 b5 33. Kd5 b4 34. Kc4 Rb2 35. Ra1 a2 0-1


[Site "https://www.chess.com"]

[Event "Titled Tuesday Blitz February 28 Early 2023"]
[White "Karttunen, Mika"]
[Black "Mazurkiewicz, Michal"]
[WhiteFideId "502081"]
[BlackFideId "1124943"]
[WhiteElo "2396"]
[BlackElo "2054"]
[Result "1-0"]
[Round "10"]
[TimeControl "180+2"]
[Date "2023.02.28"]
[WhiteClock "0:00:31"]
[BlackClock "0:00:04"]

1. e4 d6 2. d4 Nf6 3. f3 e5 4. d5 c6 5. c4 cxd5 6. cxd5 Be7 7. Be3 O-O 8. Ne2 Nbd7 9. Nec3 a6 10. Nd2 Nh5 11. Bf2 b5 12. g3 Nb6 13. a3 f5 14. exf5 Bxf5 15. g4 Bxg4 16. fxg4 Bh4 17. Nde4 Bxf2+ 18. Nxf2 Qh4 19. Ne4 Rf4 20. Bg2 Raf8 21. O-O Nc4 22. Qe2 Nf6 23. b3 Nb6 24. Nxd6 Nbxd5 25. Nf5 Rxf5 26. gxf5 Nf4 27. Qf3 e4 28. Nxe4 Nxe4 29. Qxf4 Qxf4 30. Rxf4 Nd2 31. Rd1 Nxb3 32. Bd5+ 1-0


[Site "https://www.chess.com"]

[Event "Titled Tuesday Blitz February 28 Early 2023"]
[White "Jimenez Almeida, Luis David"]
[Black "Seletsky, Grigory"]
[WhiteFideId "22242244"]
[BlackFideId "14112191"]
[WhiteElo "2245"]
[BlackElo "2490"]
[Result "0-1"]
[Round "10"]
[TimeControl "180+2"]
[Date "2023.02.28"]
[WhiteClock "0:00:02"]
[BlackClock "0:00:31"]

1. e4 e6 2. d4 d5 3. e5 c5 4. c3 Nc6 5. Nf3 Bd7 6. a3 Rc8 7. Bd3 cxd4 8. cxd4 Nge7 9. Nc3 Ng6 10. h4 Be7 11. h5 Nf8 12. h6 g6 13. O-O a6 14. Be3 Rc7 15. Rc1 Bc8 16. b4 Nd7 17. Qd2 O-O 18. Na4 b5 19. Nc5 Nb6 20. Rfd1 Nc4 21. Bxc4 dxc4 22. Ng5 Bb7 23. Nge4 Nb8 24. Bg5 Bxe4 25. Nxe4 Rd7 26. Bxe7 Rxe7 27. d5 exd5 28. Qxd5 Qxd5 29. Rxd5 Nc6 30. f4 f5 31. Nf6+ Kf7 32. Nxh7 Rh8 33. Ng5+ Ke8 34. h7 Rd7 35. Rxd7 Kxd7 36. Rd1+ Ke7 37. Rd6 Nb8 38. Rxg6 c3 39. Rg7+ Kd8 40. Rg8+ Kd7 41. Rxh8 c2 42. Rc8 Kxc8 43. h8=Q+ Kb7 44. Qh7+ Kb6 45. Qg6+ Nc6 46. Qxf5 c1=Q+ 47. Kh2 Qxa3 48. e6 Qxb4 49. Qf6 Qd6 50. g3 b4 51. Kh3 b3 52. Ne4 Qd3 53. Ng5 Qf1+ 54. Kg4 Qe2+ 55. Kf5 b2 56. Qxb2+ Qxb2 57. Kg6 a5 58. Kf7 a4 59. f5 Qe5 60. g4 a3 61. Nf3 Qf4 62. e7 Nxe7 63. Kxe7 Qxg4 0-1


[Site "https://www.chess.com"]

[Event "Titled Tuesday Blitz February 28 Early 2023"]
[White "Fiorito, Francisco"]
[Black "Shuvalov, Evgenij"]
[WhiteFideId "180165"]
[BlackFideId "4187237"]
[WhiteElo "2341"]
[BlackElo "2080"]
[Result "1-0"]
[Round "10"]
[TimeControl "180+2"]
[Date "2023.02.28"]
[WhiteClock "0:00:03"]
[BlackClock "0:00:02"]

1. d4 Nf6 2. Nc3 e6 3. Bf4 a6 4. e3 d5 5. g4 c5 6. g5 Nfd7 7. Bg2 Nc6 8. Nge2 b5 9. h4 Bb7 10. Qd2 Nb6 11. b3 b4 12. Nd1 a5 13. h5 a4 14. Rb1 axb3 15. axb3 Ra2 16. Nc1 Ra3 17. g6 hxg6 18. hxg6 Rxh1+ 19. Bxh1 f5 20. dxc5 Bxc5 21. Nd3 Bf8 22. Qe2 Qh4 23. Bg2 Ba6 24. Qf3 Ra2 25. Rb2 Ra1 26. Kd2 Bb5 27. Bg3 Qh6 28. Qe2 Nd4 29. Qf1 Nc4+ 30. bxc4 dxc4 31. Bf4 c3+ 32. Nxc3 bxc3+ 33. Kxc3 Rxf1 34. Bxh6 Bxd3 35. Kxd3 Rxf2 36. Rb8+ Kd7 37. Rb7+ Kc8 38. Rf7 Rxg2 39. Rxf8+ Kd7 40. Bxg7 Nf3 41. Rf7+ Kd6 42. Bf8+ Kc6 43. Kc3 Rxg6 44. Bb4 Ng5 45. Ra7 Ne4+ 46. Kd4 Kb5 47. Be7 1-0


[Site "https://www.chess.com"]

[Event "Titled Tuesday Blitz February 28 Early 2023"]
[White "Florescu, Codrut-Constantin"]
[Black "Nur-Mukhametova, Alisa"]
[WhiteFideId "1202200"]
[BlackFideId "54117739"]
[WhiteElo "2191"]
[BlackElo "2007"]
[Result "1-0"]
[Round "10"]
[TimeControl "180+2"]
[Date "2023.02.28"]
[WhiteClock "0:00:15"]
[BlackClock "0:00:08"]

1. e4 c5 2. Nf3 d6 3. d4 cxd4 4. Nxd4 Nf6 5. Nc3 a6 6. f4 Nc6 7. Nf3 e6 8. Bd3 Qb6 9. Qe2 Be7 10. Rb1 Nb4 11. a3 Nxd3+ 12. cxd3 O-O 13. Be3 Qc7 14. Nd4 d5 15. e5 Nd7 16. O-O Bc5 17. Rfc1 Qd8 18. b4 Ba7 19. Na4 Qe7 20. Nb3 Bxe3+ 21. Qxe3 f6 22. Rc7 Qd8 23. Rbc1 fxe5 24. fxe5 Rf5 25. d4 b6 26. Qc3 Rf8 27. Qc6 Rb8 28. Qxe6+ Kh8 29. Qxd5 a5 30. b5 Qe8 31. Qd6 Qd8 32. e6 Qf6 33. h3 Bb7 34. d5 Qf2+ 35. Kh1 Nf6 36. Rxb7 Rxb7 37. Qxf8+ Ng8 38. Qxf2 1-0


[Site "https://www.chess.com"]

[Event "Titled Tuesday Blitz February 28 Early 2023"]
[White "Cella, Glaucio Dalla Cortt"]
[Black "Koridze, Lile"]
[WhiteFideId "2119455"]
[BlackFideId "13612514"]
[WhiteElo "2011"]
[BlackElo "2047"]
[Result "0-1"]
[Round "10"]
[TimeControl "180+2"]
[Date "2023.02.28"]
[WhiteClock "0:00:02"]
[BlackClock "0:01:32"]

1. e4 c5 2. Nf3 d6 3. c3 Nf6 4. Be2 g6 5. O-O Bg7 6. Re1 O-O 7. Bf1 a6 8. d4 b5 9. e5 dxe5 10. dxe5 Ng4 11. Qxd8 Rxd8 12. Bf4 Bb7 13. Be2 Nc6 14. e6 fxe6 15. Ng5 e5 16. Bg3 Nf6 17. Ne6 Rd5 18. Nxg7 Kxg7 19. c4 bxc4 20. Na3 Nd4 21. Bxc4 Rd7 22. Bxe5 Rad8 23. Rac1 Nf5 24. Be6 Rd2 25. Bc3 R2d6 26. Bxf5 gxf5 27. Rxe7+ Kg6 28. Bxf6 Kxf6 29. Ree1 Rg8 30. g3 f4 31. Nc4 Rd5 32. Rcd1 fxg3 33. hxg3 Rh5 34. f4 Rxg3+ 35. Kf2 Rf3+ 36. Kg1 Rg3+ 37. Kf2 Rg2+ 38. Ke3 Rh3# 0-1


[Site "https://www.chess.com"]

[Event "Titled Tuesday Blitz February 28 Early 2023"]
[White "Ilkhomi, Jaloliddin"]
[Black "Jovic, Stanoje"]
[WhiteFideId "14700948"]
[BlackFideId "905020"]
[WhiteElo "2045"]
[BlackElo "2236"]
[Result "1/2-1/2"]
[Round "10"]
[TimeControl "180+2"]
[Date "2023.02.28"]
[WhiteClock "0:00:13"]
[BlackClock "0:00:08"]

1. Nf3 Nf6 2. c4 c5 3. g3 Nc6 4. Bg2 d5 5. cxd5 Nxd5 6. O-O e5 7. Nc3 Be6 8. d3 Be7 9. Nxd5 Bxd5 10. Be3 O-O 11. Qc2 b6 12. Nd2 Bxg2 13. Kxg2 Qd5+ 14. Nf3 Nd4 15. Bxd4 exd4 16. Qc4 Qb7 17. a4 a6 18. e3 b5 19. Qc2 dxe3 20. fxe3 Bf6 21. Rab1 Rac8 22. axb5 axb5 23. b3 Rfe8 24. e4 Qd7 25. Rbd1 Bd4 26. Nxd4 cxd4 27. Qf2 Rc3 28. b4 Rec8 29. Qf5 Rc2+ 30. Kg1 Qe6 31. Ra1 g6 32. Qxe6 fxe6 33. Rf2 Rxf2 34. Kxf2 Rc2+ 35. Kf3 Rd2 36. Ra5 Rxd3+ 37. Kf4 Rd2 38. Rxb5 Rxh2 39. Rb7 Rh5 40. e5 Rh1 41. Rd7 Rd1 42. Kg5 Rd3 43. Kf6 Rf3+ 44. Kxe6 Rxg3 45. Rxd4 Rb3 46. Rd8+ Kg7 47. Rb8 g5 48. Kf5 g4 49. Kxg4 Kf7 50. Kf5 Rf3+ 51. Ke4 Rb3 52. Kd5 Rd3+ 53. Kc4 Re3 54. Kd4 Rb3 55. b5 Ke6 56. Rb6+ Ke7 57. Kd5 Rd3+ 58. Ke4 Rb3 59. Kf4 h5 60. Kg5 Re3 61. e6 Re5+ 62. Kf4 Rc5 63. Ke4 h4 64. Kd4 Rc1 65. Kd5 Rd1+ 66. Kc5 h3 67. Rb7+ Kxe6 68. Rh7 Rc1+ 69. Kb6 Rc3 70. Kb7 Kf5 71. b6 Kg4 72. Ka8 Ra3+ 73. Kb8 Rb3 74. Ka7 Rxb6 75. Kxb6 Kg3 76. Rg7+ Kf2 77. Rf7+ Kg2 78. Rg7+ Kf2 79. Kc5 h2 80. Rf7+ Kg2 81. Rg7+ Kf2 82. Rf7+ Kg2 83. Rg7+ Kf2 1/2-1/2


[Site "https://www.chess.com"]

[Event "Titled Tuesday Blitz February 28 Early 2023"]
[White "Lehtosaari, Mauri"]
[Black "Boraso, Alessio"]
[WhiteFideId "501999"]
[BlackFideId "848077"]
[WhiteElo "2528"]
[BlackElo "2286"]
[Result "1-0"]
[Round "10"]
[TimeControl "180+2"]
[Date "2023.02.28"]
[WhiteClock "0:00:23"]
[BlackClock "0:00:01"]

1. d4 Nf6 2. Nf3 g6 3. Bg5 Bg7 4. c3 d6 5. Nbd2 Nbd7 6. e4 e5 7. dxe5 dxe5 8. Bc4 h6 9. Bh4 O-O 10. O-O Qe8 11. Re1 Nh5 12. a4 Nc5 13. Qc2 Nf4 14. Bg3 Nce6 15. Nf1 c6 16. a5 Kh7 17. Ne3 Qe7 18. Red1 Bd7 19. Ng4 Nd4 20. cxd4 Bxg4 21. d5 cxd5 22. exd5 Rac8 23. b3 Qf6 24. Bxf4 Qxf4 25. Rac1 e4 26. Nd4 Bxd1 27. Rxd1 e3 28. Nf3 Rfd8 29. fxe3 Qxe3+ 30. Qf2 Qxf2+ 31. Kxf2 Rd6 32. Nd2 Bc3 33. Ne4 Rf6+ 34. Nxf6+ Bxf6 35. Kf3 Bc3 36. d6 Bxa5 37. Bxf7 Rd8 38. Bc4 Kg7 39. Ke4 Kf6 40. Kd5 Bb4 41. Rf1+ Kg7 42. Ke4 Rxd6 43. Rf7+ Kh8 44. Rxb7 Rb6 45. Rxa7 Bc5 46. Rc7 Bd6 47. Rc8+ Kg7 48. h3 Bb4 49. Rd8 h5 50. Rd7+ Kh6 51. Kd5 Kg5 52. Be2 Kh4 53. Bf3 g5 54. Rh7 g4 55. hxg4 Kg3 56. gxh5 Kf4 57. Kc4 Bd6 58. Rh6 Ke5 59. Rg6 Rb4+ 60. Kc3 Rb7 61. h6 Rc7+ 62. Kd3 Rh7 63. Be4 Rh8 64. h7 1-0


[Site "https://www.chess.com"]

[Event "Titled Tuesday Blitz February 28 Early 2023"]
[White "Lorenzo De La Riva, Lazaro"]
[Black "Degenbaev, Aziz"]
[WhiteFideId "2268809"]
[BlackFideId "13802640"]
[WhiteElo "2294"]
[BlackElo "2152"]
[Result "0-1"]
[Round "10"]
[TimeControl "180+2"]
[Date "2023.02.28"]
[WhiteClock "0:00:13"]
[BlackClock "0:00:20"]

1. d4 Nf6 2. Nc3 d5 3. Bf4 g6 4. e3 Bg7 5. Nb5 Na6 6. Nf3 O-O 7. Ne5 c5 8. a4 cxd4 9. exd4 Nh5 10. Be3 Nc7 11. c3 a6 12. Nxc7 Qxc7 13. f4 f6 14. Nd3 e5 15. dxe5 fxe5 16. Nxe5 Nxf4 17. Bxf4 Rxf4 18. Qxd5+ Kh8 19. Nf3 Bf5 20. Be2 Rd8 21. Qb3 Re8 22. Kf1 Qc5 23. Qd1 Qe3 24. Rc1 Rxf3+ 25. gxf3 Bh3+ 26. Ke1 Bf6 27. Qd2 Bh4+ 28. Kd1 Rd8 29. Qxd8+ Bxd8 30. Rc2 Bg5 31. Re1 Bf5 0-1


[Site "https://www.chess.com"]

[Event "Titled Tuesday Blitz February 28 Early 2023"]
[White "Lauridsen, Jesper Morch"]
[Black "Castellanos Villela, Alejandro"]
[WhiteFideId "1401890"]
[BlackFideId "3446379"]
[WhiteElo "2283"]
[BlackElo "2102"]
[Result "0-1"]
[Round "10"]
[TimeControl "180+2"]
[Date "2023.02.28"]
[WhiteClock "0:00:47"]
[BlackClock "0:01:24"]

1. e4 c5 2. d4 cxd4 3. c3 dxc3 4. Nxc3 d6 5. Nf3 e6 6. Bc4 a6 7. O-O Nc6 8. Bf4 Be7 9. Qe2 Bd7 10. Rfd1 e5 11. Bg3 Nf6 12. Bxf7+ Kxf7 13. Qc4+ Kf8 14. Ng5 Qe8 15. Rd3 Rc8 16. Ne6+ Bxe6 17. Qxe6 Nd4 18. Rxd4 exd4 19. Nd5 Nxd5 20. exd5 Rd8 21. Re1 Qf7 22. Qg4 h5 23. Qd1 h4 24. Rf1 hxg3 25. fxg3 Bf6 26. Qd2 Qh5 27. Qa5 Qxh2+ 28. Kf2 Rh5 29. g4 Re5 30. g5 Bxg5 31. Qc7 Bh4+ 32. Kf3 Qg3# 0-1


[Site "https://www.chess.com"]

[Event "Titled Tuesday Blitz February 28 Early 2023"]
[White "Zemlyanskii, Ivan"]
[Black "Buscar, Michael"]
[WhiteFideId "24249971"]
[BlackFideId "2603616"]
[WhiteElo "2233"]
[BlackElo "2010"]
[Result "1-0"]
[Round "10"]
[TimeControl "180+2"]
[Date "2023.02.28"]
[WhiteClock "0:01:12"]
[BlackClock "0:00:06"]

1. d4 d5 2. Bf4 e6 3. e3 g5 4. Bg3 h5 5. h4 g4 6. c4 Bd6 7. Ne2 c6 8. Nbc3 Ne7 9. Bxd6 Qxd6 10. Nf4 Nd7 11. cxd5 Nxd5 12. Ncxd5 exd5 13. Bd3 Nf6 14. Qd2 Bd7 15. O-O-O O-O-O 16. Kb1 Kb8 17. Rc1 Rde8 18. Rc5 Ne4 19. Bxe4 Rxe4 20. g3 Bf5 21. Ka1 Re7 22. Rhc1 Bg6 23. Qb4 b6 24. Qb3 Rc8 25. Nxd5 Rb7 26. R5c3 Bf5 27. Nf4 Bg6 28. Qa4 Rbc7 29. a3 Kb7 30. Qb3 Qf6 31. d5 c5 32. a4 Rd7 33. a5 Rh8 34. Qb5 Rhd8 35. Rxc5 a6 36. Qxb6+ Qxb6 37. axb6 Kxb6 38. Rc6+ Kb5 39. R1c5+ Kb4 40. Ka2 Be4 41. Rc4+ Kb5 42. Rxe4 1-0


[Site "https://www.chess.com"]

[Event "Titled Tuesday Blitz February 28 Early 2023"]
[White "Schroeder, Jan-Christian"]
[Black "Cabezas Solano, David Alejandro"]
[WhiteFideId "24662259"]
[BlackFideId "6507522"]
[WhiteElo "2556"]
[BlackElo "2030"]
[Result "1-0"]
[Round "10"]
[TimeControl "180+2"]
[Date "2023.02.28"]
[WhiteClock "0:00:55"]
[BlackClock "0:00:04"]

1. e4 c5 2. Nf3 d6 3. d4 cxd4 4. Nxd4 Nf6 5. Nc3 a6 6. Bg5 e6 7. f4 Nbd7 8. Qf3 Qc7 9. O-O-O b5 10. g4 b4 11. Na4 Bb7 12. Bd3 h6 13. Bxf6 Nxf6 14. h4 Qa5 15. b3 Nd7 16. g5 Nc5 17. g6 Nxa4 18. bxa4 Qxa4 19. gxf7+ Kxf7 20. f5 Be7 21. fxe6+ Ke8 22. Qf7+ Kd8 23. Nf5 Qe8 24. Bc4 Qxf7 25. exf7 Bxe4 26. Nxe7 Bxh1 27. Ng6 Be4 28. Nxh8 Kc7 29. Re1 d5 30. Rxe4 dxe4 31. Ng6 1-0


[Site "https://www.chess.com"]

[Event "Titled Tuesday Blitz February 28 Early 2023"]
[White "Gritsenko, Nikolai"]
[Black "Bochnicka, Vladimir"]
[WhiteFideId "14112493"]
[BlackFideId "14943450"]
[WhiteElo "2389"]
[BlackElo "2094"]
[Result "1-0"]
[Round "10"]
[TimeControl "180+2"]
[Date "2023.02.28"]
[WhiteClock "0:00:02"]
[BlackClock "0:00:01"]

1. e4 c5 2. Nf3 Nc6 3. Bb5 e6 4. O-O Nge7 5. Re1 a6 6. Bf1 d5 7. exd5 Nxd5 8. c3 Be7 9. a3 O-O 10. b4 b5 11. a4 Bb7 12. axb5 axb5 13. Rxa8 Qxa8 14. bxc5 Bxc5 15. d4 Bd6 16. Bxb5 Nce7 17. Bd3 Ng6 18. Bxg6 hxg6 19. c4 Nf4 20. Bxf4 Bxf4 21. Nc3 Bxf3 22. gxf3 Rc8 23. c5 Rd8 24. Ne4 Qd5 25. Kg2 e5 26. Qd3 exd4 27. Ng3 Qxc5 28. Rd1 Be5 29. Qe4 Bf6 30. h4 Qe5 31. Qg4 d3 32. h5 d2 33. hxg6 fxg6 34. Qxg6 Qe1 35. Nh5 Rd6 36. Qc2 Bh4 37. Qc4+ Kh8 38. Qxh4 Rg6+ 39. Ng3+ Kg8 40. Qc4+ Kh7 41. Qc2 Qe5 42. Rxd2 Qf6 43. Qd3 Qg5 44. Qe2 Qh4 45. Rd3 Rg5 46. Re3 Qf4 47. Qd3+ Rg6 48. Qe4 Qf6 49. Qe5 Qb6 50. Re4 Rc6 51. Rh4+ 1-0


[Site "https://www.chess.com"]

[Event "Titled Tuesday Blitz February 28 Early 2023"]
[White "Peng, Li Min"]
[Black "Rosenberg, Evan S"]
[WhiteFideId "14112620"]
[BlackFideId "2019299"]
[WhiteElo "2436"]
[BlackElo "2441"]
[Result "1-0"]
[Round "10"]
[TimeControl "180+2"]
[Date "2023.02.28"]
[WhiteClock "0:00:07"]
[BlackClock "0:00:03"]

1. e4 e5 2. Nf3 Nc6 3. Bb5 Nf6 4. d3 Ne7 5. c3 c6 6. Ba4 Ng6 7. h4 d5 8. h5 dxe4 9. hxg6 exf3 10. gxf7+ Kxf7 11. Bb3+ Ke8 12. Qxf3 a5 13. a4 Qb6 14. Bc4 Bg4 15. Qe3 Qxe3+ 16. Bxe3 Nd5 17. Nd2 Nxe3 18. fxe3 Rd8 19. Nf3 Bd6 20. Ng5 Rd7 21. Nxh7 Kd8 22. Kd2 e4 23. Ng5 Rf8 24. Nxe4 Be7 25. Raf1 Bf5 26. Rxf5 Rxf5 27. Be6 Re5 28. Rh8+ Kc7 29. Bxd7 Kxd7 30. Rg8 Bf6 31. Nxf6+ gxf6 32. Rg7+ Kc8 33. g4 b5 34. b3 bxa4 35. bxa4 Kb8 36. c4 c5 37. e4 Re6 38. Rf7 Rb6 39. Ke3 Rb4 40. Rxf6 Rxa4 41. g5 Ra1 42. Rf5 Rg1 43. Rxc5 a4 44. Ra5 a3 45. Rxa3 Rxg5 46. Rb3+ Kc7 47. Rb5 Rg3+ 48. Kd4 Kc6 49. Rf5 Rg8 50. Rf6+ Kd7 51. e5 Ke7 52. Ke4 Rg4+ 53. Kd5 Rg3 54. d4 Rg8 55. c5 Rd8+ 56. Rd6 Ra8 57. e6 Rh8 58. Rd7+ Ke8 59. Ra7 Rh5+ 60. Kd6 Kf8 61. Ra8+ Kg7 62. d5 Rh8 63. Rxh8 1-0


[Site "https://www.chess.com"]

[Event "Titled Tuesday Blitz February 28 Early 2023"]
[White "Sreyas Payyappat"]
[Black "Spata, German"]
[WhiteFideId "46674969"]
[BlackFideId "113026"]
[WhiteElo "2083"]
[BlackElo "2238"]
[Result "0-1"]
[Round "10"]
[TimeControl "180+2"]
[Date "2023.02.28"]
[WhiteClock "0:00:11"]
[BlackClock "0:00:18"]

1. e4 e5 2. Nf3 Nc6 3. Bc4 Nf6 4. d4 exd4 5. e5 d5 6. Bb5 Ne4 7. Nxd4 Bd7 8. Bxc6 bxc6 9. c3 Be7 10. O-O O-O 11. Be3 Rb8 12. Qc2 c5 13. Nb3 c4 14. N3d2 Bf5 15. Nxe4 Bxe4 16. Qd2 c5 17. Na3 Bd3 18. Rfd1 d4 19. Bf4 Qa5 20. Rac1 Qa4 21. Bg3 Rb6 22. cxd4 cxd4 23. Nxc4 Bxc4 24. b3 Bxb3 25. axb3 Qxb3 26. Qxd4 h6 27. h3 Rd8 28. Qg4 Rxd1+ 29. Rxd1 Qc2 30. Rd7 Bc5 31. Qf3 Qg6 32. Kh2 Re6 33. Rc7 Bb6 34. Rc8+ Kh7 35. Rf8 f6 36. Qa8 Qf5 37. exf6 Rxf6 38. Rh8+ Kg6 39. Qe8+ Rf7 40. Rf8 Qf6 41. Rxf7 Qxf7 42. Qe4+ Qf5 43. Qc6+ Qf6 44. Qa4 Kh7 45. h4 Qg6 46. Kh3 Qf5+ 47. Qg4 Qxg4+ 48. Kxg4 a5 49. f3 a4 50. Be5 Kg6 51. Bd6 Bd4 52. Kf4 Bb2 53. g4 a3 54. h5+ Kf7 55. Kf5 a2 0-1


[Site "https://www.chess.com"]

[Event "Titled Tuesday Blitz February 28 Early 2023"]
[White "Shuvalova, Polina"]
[Black "Sanchez, Robert"]
[WhiteFideId "24171760"]
[BlackFideId "2034360"]
[WhiteElo "2330"]
[BlackElo "2432"]
[Result "1-0"]
[Round "10"]
[TimeControl "180+2"]
[Date "2023.02.28"]
[WhiteClock "0:00:26"]
[BlackClock "0:00:01"]

1. e4 e6 2. d4 d5 3. Nd2 Nf6 4. Bd3 c5 5. Ngf3 cxd4 6. O-O Nc6 7. e5 Nd7 8. Re1 Be7 9. Nb3 Nc5 10. Nbxd4 Nxd3 11. cxd3 O-O 12. Be3 Bd7 13. Nxc6 Bxc6 14. Nd4 Bd7 15. Qb3 b5 16. Rac1 a5 17. Nc6 Bxc6 18. Rxc6 d4 19. Bd2 b4 20. Qc4 Rc8 21. Rc1 Rxc6 22. Qxc6 h6 23. b3 Qb8 24. Bf4 Bg5 25. Bxg5 hxg5 26. Qc5 Rd8 27. Qxa5 Rd5 28. Qa6 Qxe5 29. Qc8+ Kh7 30. Qb7 Qe2 31. Rf1 Rf5 32. Qxb4 Qxd3 33. a4 Re5 34. g3 Re2 35. Qe7 Qxb3 36. Qxf7 1-0


[Site "https://www.chess.com"]

[Event "Titled Tuesday Blitz February 28 Early 2023"]
[White "Djokovic, Nebojsa"]
[Black "Dinu, Dumitru-Daniel"]
[WhiteFideId "938300"]
[BlackFideId "1208403"]
[WhiteElo "2573"]
[BlackElo "2240"]
[Result "1-0"]
[Round "10"]
[TimeControl "180+2"]
[Date "2023.02.28"]
[WhiteClock "0:00:18"]
[BlackClock "0:02:01"]

1. e4 c6 2. Nf3 d5 3. Nc3 dxe4 4. Nxe4 Nf6 5. Qe2 Nxe4 6. Qxe4 Nd7 7. Bc4 Nf6 8. Ne5 e6 9. Qe2 Bd6 10. O-O O-O 11. c3 Qc7 12. d4 c5 13. Bg5 cxd4 14. cxd4 Nd7 15. Nf3 h6 16. Bh4 Nb6 17. Bd3 Nd5 18. Rac1 Qb6 19. Bg3 Bxg3 20. hxg3 Bd7 21. Ne5 Qd6 22. Bb1 Rac8 23. Qd3 f5 24. a3 a6 25. Qd2 Bb5 26. Rfe1 Rfd8 27. Ba2 Rxc1 28. Qxc1 Rf8 29. Ng6 Re8 30. Ne5 Nf6 31. Qc5 Qxc5 32. dxc5 Kf8 33. f3 Nd7 34. Ng6+ Kf7 35. Ne5+ Nxe5 36. Rxe5 Bd7 37. Kf2 Rc8 38. b4 Kf6 39. f4 g5 40. Re1 Re8 41. Rh1 Kg6 42. Rd1 Bc6 43. Rd6 Kf6 44. Bb3 g4 45. Bc4 Kf7 46. Bxa6 Ra8 47. b5 Be4 48. Bxb7 Rxa3 49. Bxe4 fxe4 50. b6 Ke7 51. b7 Ra2+ 52. Ke3 Ra3+ 53. Kxe4 Ra4+ 54. Kd3 Ra3+ 55. Kc2 Ra2+ 56. Kb1 1-0


[Site "https://www.chess.com"]

[Event "Titled Tuesday Blitz February 28 Early 2023"]
[White "Heinemann, Josefine"]
[Black "Janaszak, Dawid"]
[WhiteFideId "12900460"]
[BlackFideId "1119206"]
[WhiteElo "2342"]
[BlackElo "2220"]
[Result "1/2-1/2"]
[Round "10"]
[TimeControl "180+2"]
[Date "2023.02.28"]
[WhiteClock "0:00:13"]
[BlackClock "0:00:16"]

1. e4 c5 2. Nf3 Nc6 3. d4 cxd4 4. Nxd4 g6 5. c4 e5 6. Nc2 d6 7. Nc3 Nf6 8. Be2 Be6 9. O-O Bg7 10. Be3 O-O 11. Qd2 Qa5 12. Qxd6 Rfd8 13. Qa3 Qxa3 14. Nxa3 Nd4 15. Rfe1 Bf8 16. Bxd4 exd4 17. Nd5 Nxe4 18. Bf3 Bxd5 19. cxd5 Nd2 20. Nb5 Rac8 21. Nxd4 Nxf3+ 22. Nxf3 Rxd5 23. Rac1 Rcd8 24. g3 Bc5 25. Kg2 Bb6 26. Rc2 Kf8 27. h4 h6 28. Re4 Rf5 29. b3 Rd3 30. Ne5 Rd6 31. Nc4 Rc6 32. Rce2 Bc5 33. Re5 Rxe5 34. Rxe5 b6 35. a4 Rf6 36. f4 h5 37. Kf3 Rc6 38. g4 hxg4+ 39. Kxg4 Rc7 40. f5 gxf5+ 41. Kxf5 Bd4 42. Rd5 Bc5 43. h5 Kg7 44. Ne5 Re7 45. Rd7 Kh6 46. Nxf7+ Kxh5 47. Rxe7 Bxe7 48. Ne5 Bc5 49. Nc6 a6 50. Ke4 Kg6 51. Kd5 Bf2 52. Nb8 b5 53. Nxa6 bxa4 54. bxa4 Kf6 55. Nc5 Ke7 56. a5 Kd8 57. a6 Bxc5 58. Kxc5 Kc7 59. Kb5 Kb8 60. Kb6 Ka8 61. a7 1/2-1/2


[Site "https://www.chess.com"]

[Event "Titled Tuesday Blitz February 28 Early 2023"]
[White "Mayank Chakraborty"]
[Black "Zhukova, Natalia"]
[WhiteFideId "25659766"]
[BlackFideId "14101513"]
[WhiteElo "2103"]
[BlackElo "2297"]
[Result "1-0"]
[Round "10"]
[TimeControl "180+2"]
[Date "2023.02.28"]
[WhiteClock "0:00:16"]
[BlackClock "0:00:07"]

1. b3 e5 2. Bb2 Nc6 3. c4 g6 4. g3 Bg7 5. Bg2 Nge7 6. Nc3 O-O 7. e3 d5 8. cxd5 Nb4 9. Qb1 Nexd5 10. Nxd5 Nxd5 11. a3 Be6 12. Nf3 Qd6 13. Ng5 Bd7 14. h4 h6 15. Ne4 Qb6 16. b4 a5 17. h5 g5 18. Nc5 Bc6 19. O-O axb4 20. Nd3 f6 21. Bxd5+ Bxd5 22. Nxb4 Bf3 23. Qg6 c5 24. Nd3 e4 25. Ne5 Qxb2 26. Nxf3 exf3 27. Rab1 Qa2 28. Rxb7 Rf7 29. Rb6 Qc4 30. Rfb1 Qg4 31. Rb8+ Rxb8 32. Rxb8+ Rf8 33. Rb7 1-0


[Site "https://www.chess.com"]

[Event "Titled Tuesday Blitz February 28 Early 2023"]
[White "Turzo, Attila"]
[Black "Bogaudinov, Rushan"]
[WhiteFideId "704954"]
[BlackFideId "4129288"]
[WhiteElo "2526"]
[BlackElo "2063"]
[Result "1-0"]
[Round "10"]
[TimeControl "180+2"]
[Date "2023.02.28"]
[WhiteClock "0:01:11"]
[BlackClock "0:01:44"]

1. e4 c5 2. Nc3 Nc6 3. f4 e6 4. Nf3 d5 5. Bb5 Nf6 6. e5 Nd7 7. Bxc6 bxc6 8. d3 Ba6 9. O-O c4 10. d4 c5 11. Be3 Be7 12. f5 exf5 13. Nxd5 O-O 14. c3 cxd4 15. cxd4 c3 16. Rf2 cxb2 17. Rxb2 Bc4 18. Nf4 Nb6 19. Rc1 Qd7 20. Rxb6 axb6 21. Rxc4 Rxa2 22. d5 Rfa8 23. Rc1 g5 24. Nh5 f4 25. Bxb6 Qg4 26. Ne1 Qxh5 27. Qxh5 1-0


[Site "https://www.chess.com"]

[Event "Titled Tuesday Blitz February 28 Early 2023"]
[White "Bilan, Danila"]
[Black "Avazkhonov, Alikhon"]
[WhiteFideId "24161918"]
[BlackFideId "14208504"]
[WhiteElo "2182"]
[BlackElo "1739"]
[Result "0-1"]
[Round "10"]
[TimeControl "180+2"]
[Date "2023.02.28"]
[WhiteClock "0:01:00"]
[BlackClock "0:01:26"]

1. d4 Nf6 2. Nf3 g6 3. Bg5 Bg7 4. c3 O-O 5. Nbd2 d6 6. e4 Nbd7 7. Qc2 e5 8. dxe5 dxe5 9. Bc4 Qe7 10. O-O h6 11. Bh4 c6 12. Rfe1 a5 13. a4 Nc5 14. Nf1 Kh8 15. Ne3 g5 16. Nxg5 hxg5 17. Bxg5 Be6 18. Nf5 Qc7 19. Qd2 Nfxe4 20. Qe2 Bxf5 21. Qh5+ Kg8 22. g4 Be6 23. Re3 Nxg5 24. Qxg5 Bxc4 25. Qh5 Rfe8 26. Rae1 Qd6 27. Rh3 0-1


[Site "https://www.chess.com"]

[Event "Titled Tuesday Blitz February 28 Early 2023"]
[White "Martic, Ivan"]
[Black "Mohammed, Zozek Salah Mohammed"]
[WhiteFideId "929301"]
[BlackFideId "4803361"]
[WhiteElo "2360"]
[BlackElo "2211"]
[Result "1-0"]
[Round "10"]
[TimeControl "180+2"]
[Date "2023.02.28"]
[WhiteClock "0:02:26"]
[BlackClock "0:00:34"]

1. e4 e6 2. d4 d5 3. e5 c5 4. c3 Nc6 5. Nf3 Qb6 6. a3 Bd7 7. b4 cxd4 8. cxd4 Rc8 9. Bb2 Na5 10. Nbd2 Nc4 11. Nxc4 dxc4 12. Rc1 a5 13. Nd2 axb4 14. Nxc4 Qa7 15. axb4 Bxb4+ 16. Bc3 Bxc3+ 17. Rxc3 Kf8 18. Rc1 b5 19. Nd6 Qa5+ 20. Ke2 Qa2+ 21. Qd2 Qxd2+ 22. Kxd2 Rxc1 23. Kxc1 Ne7 24. Bxb5 Bxb5 25. Nxb5 Nc6 26. Kd2 Ke7 27. Rc1 Nb4 28. Rc7+ 1-0


[Site "https://www.chess.com"]